 Dungeon Crawl Stone Soup version 0.28-a0-724-g66f9036eb4 (webtiles) character file.

Game seed: 4017806231520619356

55 pokeman the Magician (level 3, 0/20 HPs)
             Began as a Deep Elf Hedge Wizard on Oct 27, 2021.
             Slain by an orc (3 damage)
             ... on level 2 of the Dungeon.
             The game lasted 00:04:08 (2491 turns).

pokeman the Magician (Deep Elf Hedge Wizard)        Turns: 2491, Time: 00:04:09

Health: 0/20       AC:  3    Str:  7    XL:     3   Next: 67%
Magic:  3/11       EV: 12    Int: 19    God:
Gold:   68         SH:  0    Dex: 14    Spells: 1/12 levels left

rFire   . . .      SeeInvis .   j - staff of cold
rCold   + . .      Faith    .   (no shield)
rNeg    + . .      Spirit   .   f - +0 leather armour
rPois   .          Reflect  .   c - +0 hat
rElec   .          Harm     .   (no cloak)
rCorr   .          Rampage  .   (no gloves)
Will    .....                   (no boots)
Stlth   ++........              (no amulet)
HPRegen 0.06/turn               g - ring of positive energy
MPRegen 0.12/turn               (no ring)

@: no status effects
A: no striking features
a: no special abilities


You were on level 2 of the Dungeon.
You visited 1 branch of the dungeon, and saw 3 of its levels.

You collected 96 gold pieces.
You spent 28 gold pieces at shops.

Inventory:

Missiles
 e - 15 bolts
Armour
 c - a +0 hat (worn)
 f - a +0 leather armour (worn)
Magical Staves
 j - a staff of cold (weapon)
Jewellery
 g - a ring of positive energy (left hand)
Scrolls
 d - a scroll of vulnerability {unknown}
 h - 2 scrolls of identify
Potions
 a - 2 potions of attraction {unknown}
 b - 2 potions of curing {unknown}
 i - a potion of resistance {unknown}
 k - a potion of might {unknown}


   Skills:
 - Level 1.0 Fighting
 - Level 1.0 Armour
 + Level 2.5 Dodging
 + Level 2.4 Stealth
 * Level 5.3 Spellcasting
 + Level 2.0 Conjurations
 - Level 1.1 Summonings
 - Level 1.1 Translocations


You had one spell level left.
You knew the following spells:

 Your Spells              Type           Power      Damage    Failure   Level
a - Magic Dart            Conj           48%        1d5       8%          1
b - Mephitic Cloud        Conj/Pois/Air  7%         N/A       36%         3
c - Call Imp              Summ           9%         N/A       17%         2
d - Blink                 Tloc           18%        N/A       17%         2
e - Conjure Flame         Conj/Fire      8%         6-21      34%         3

Your spell library contained the following spells:

 Spells                   Type           Power      Damage    Failure   Level
 Slow                     Hex            5%         N/A       26%         2


Dungeon Overview and Level Annotations

Branches:
Dungeon (3/15)

Altars:

Shops:
D:1 ?


Message History

Confirm with . or Enter, or press ? or * to list all spells.
Aiming: Magic Dart (safe; 8% risk of failure)
Press: ? - help, Shift-Dir - straight line, f/p - orc
Aim: an orc, wielding a +0 mace and wearing a +0 ring mail (heavily wounded, 100% to hit)
The magic dart hits the orc but does no damage.
The orc is heavily wounded.
The orc barely misses you.
Casting: Magic Dart (safe; 8% risk of failure)
Confirm with . or Enter, or press ? or * to list all spells.
Aiming: Magic Dart (safe; 8% risk of failure)
Press: ? - help, Shift-Dir - straight line, f/p - orc
Aim: an orc, wielding a +0 mace and wearing a +0 ring mail (heavily wounded, 100% to hit)
The magic dart hits the orc but does no damage.
The orc is heavily wounded.
The orc hits you with a +0 mace. The orc hits you with a +0 mace.
You climb upwards.
There is a stone staircase leading down here.
Unknown command.
You closely miss the orc.
The orc is heavily wounded.
The orc misses you.
Your magical contamination has completely faded away.
Casting: Magic Dart (safe; 8% risk of failure)
Confirm with . or Enter, or press ? or * to list all spells.
A beastly little devil appears in a puff of flame.
The orc closely misses you.
You hit the orc but do no damage.
The orc is heavily wounded.
The orc barely misses you.
Your crimson imp completely misses the orc.
You hit the orc but do no damage.
The orc is heavily wounded.
The orc hits you with a +0 mace.
* * * LOW HITPOINT WARNING * * *
Your crimson imp hits the orc but does no damage.
You hit the orc.
The orc is almost dead.
The orc hits you with a +0 mace.
You die...

##.......# #.######## #######..#
#.# # #..# #.# #..# #.# #### #..#
#.#### ...####..# #....#
.........# ##....###
##.####.###############.......###
##.# #.# #.....@o5....>.........
...####.###.######............###
..............# #.#........###..
#..######.....# #.#...##...# #.#
...# #.....# #.##.####.## #.#
#.## #.....# ##.##.####.####.#
#.# #.....###...#...........# #)#
#.....##......######.#..# #.#
#.###.........# #.#...


You could see an orc (ally target) and a friendly crimson imp (summoned).

Vanquished Creatures
  A worm (D:2)
  4 dart slugs
  3 endoplasms
  2 giant cockroaches
  5 goblins
  4 hobgoblins
  3 quokkas
  5 ball pythons (D:1)
  3 bats (D:2)
  2 frilled lizards
  2 kobolds (D:1)
  6 rats (D:1)
40 creatures vanquished.

Notes
Turn   | Place    | Note
-------+----------+-------------------------------------------
     0 | D:1      | pokeman the Deep Elf Hedge Wizard began the quest for the
                  | Orb.
     0 | D:1      | Reached XP level 1. HP: 10/10 MP: 7/7
   407 | D:1      | Reached XP level 2. HP: 15/15 MP: 7/9
   777 | D:1      | Reached skill level 5 in Spellcasting
  1062 | D:1      | Found Viufro's Magic Scroll Shoppe.
  1071 | D:1      | Bought a scroll of identify for 28 gold pieces
  1081 | D:1      | Reached XP level 3. HP: 20/20 MP: 8/11
  1085 | D:1      | Learned a level 3 spell: Mephitic Cloud
  1088 | D:1      | Learned a level 2 spell: Call Imp
  1091 | D:1      | Learned a level 2 spell: Blink
  1095 | D:1      | Learned a level 3 spell: Conjure Flame
  1754 | D:2      | Reached skill level 1 in Armour
  1928 | D:2      | Reached skill level 1 in Fighting
  2491 | D:2      | Slain by an orc

Illustrated notes

Levels and vault maps discovered:
D:1:      minmay_arrival_semitransparent, layout_basic, serial_shops,
          nicolae_lakefront_shop, minmay_crystal_water
D:2:      layout_loops_ring
D:3:      layout_basic, old_standard_altar,
          hellmonk_ecumenical_altar_inner_sanctum, minmay_box_of_dots,
          uniq_jessica

Skill      XL: |  1  2  3 |
---------------+----------+-----
Spellcasting   | 5 |  5.3
Armour         | 1 |  1.0
Fighting       | 1 |  1.0
Conjurations   | 2 |  2.0
Dodging        | |  2.5
Stealth        | |  2.4
Summonings     | |  1.1
Translocations | |  1.1

Action                   || total
-------------------------++-------
Melee: Dagger            ||    15
       Staff             ||     7
 Cast: Magic Dart        ||   120
       Call Imp          ||     1
Armor: Leather armour    ||     6
       Robe              ||     2
Dodge: Dodged            ||    17

Table legend: (Time is in decaauts)
 A = Elapsed time spent in this place.
 B = Non-inter-level travel time spent in this place.
 C = Inter-level travel time spent in this place.
 D = Time resting spent in this place.
 E = Time spent auto-exploring this place.
 F = Levels seen in this place.
 G = Mean time per level.
                   A        B        C        D        E       F      G
               +--------+--------+--------+--------+--------+-----+--------+
         Total |   2491 |   2458 |     33 |      0 |   2184 |   3 |  830.3 |
       Dungeon |   2491 |   2458 |     33 |      0 |   2184 |   3 |  830.3 |
               +--------+--------+--------+--------+--------+-----+--------+

Top non-repeatable levels by time:
     D:1: 1518 daAuts
     D:2: 964 daAuts
     D:3: 8 daAuts
